 Dungeon Crawl Stone Soup version 0.28-a0-909-g796cbd3a86 (webtiles) character file.

Game seed: 2438292769166513141

415 bjtr the Vexing (level 7, 0/49 HPs)
             Began as a Formicid Arcane Marksman on Nov 25, 2021.
             Slain by a river rat (8 damage)
             ... in a sewer.
             The game lasted 00:43:04 (6244 turns).

bjtr the Vexing (Formicid Arcane Marksman)          Turns: 6244, Time: 00:43:04

Health: 0/49       AC:  8    Str: 15    XL:     7   Next: 15%
Magic:  9/11       EV: 16    Int: 13    God:
Gold:   106        SH:  5    Dex: 12    Spells: 10/11 levels left

rFire   + + .      SeeInvis +   b - +4 dagger
rCold   + + +      Faith    .   (no shield)
rNeg    . . .      Spirit   .   z - +2 robe {Will+}
rPois   .          Reflect  +   (helmet unavailable)
rElec   .          Harm     .   v - +0 cloak
rCorr   .          Rampage  .   m - +2 pair of gloves
Will    +....                   (no boots)
Stlth   +.........              l - amulet "Fohuq" {Reflect *Corrode *Slow rF++ rC+++ SH+5}
HPRegen 0.00/turn               g - ring of flight
MPRegen 0.12/turn               y - +4 ring of evasion

@: flying, inhibited regen
A: permanent stasis, dig shafts and tunnels, antennae 3, four strong arms,
inhibited regeneration, noise suppression
a: Dig


You were in a sewer.
You visited 1 branch of the dungeon, and saw 5 of its levels.
You also visited: Sewer.

You collected 258 gold pieces.
You spent 152 gold pieces at shops.

Inventory:

Hand Weapons
 a - a +0 hand crossbow
 b - a +4 dagger (weapon)
 d - the +2 mace "Diallaob" {flame, *Noise Fragile Str+8 Dex+2}
   (You bought it in a shop on level 1 of the Dungeon)

   It burns those it strikes, dealing additional fire damage.
   Str:       It affects your strength (+8).
   Dex:       It affects your dexterity (+2).
   *Noise:    It may make noises in combat.
   Fragile:   It will be destroyed if unequipped.
 f - a +0 hand axe
 k - a +0 flail
 o - a +0 hunting sling
 p - a +1 whip of electrocution
Missiles
 c - 83 bolts
 e - 149 stones
 i - 48 arrows
 u - 14 poisoned darts
 B - 3 boomerangs (quivered)
Armour
 m - a +2 pair of gloves (worn)
 s - a +4 scale mail of positive energy
 v - a +0 cloak (worn)
 z - a +2 robe of willpower (worn)
Jewellery
 g - a ring of flight (left hand)
 l - the amulet "Fohuq" (around neck) {Reflect *Corrode *Slow rF++ rC+++ SH+5}
   (You acquired it on level 3 of the Dungeon)

   [amulet of reflection]

   It reflects blocked missile attacks.
   rF:        It greatly protects you from fire.
   rC:        It renders you almost immune to cold.
   *Corrode:  It may corrode you when you take damage.
   *Slow:     It may slow you when you take damage.
   SH:        It affects your SH (+5).
 q - a ring of positive energy
 w - a ring of ice
 y - a +4 ring of evasion (right hand)
 A - the ring of Bonoceug {rF++ rC+ MP-9 Slay+3}
   (You acquired it on level 3 of the Dungeon)

   [ring of protection from cold]

   Slay:      It affects your accuracy & damage with ranged weapons and melee
   (+3).
   rF:        It greatly protects you from fire.
   rC:        It protects you from cold.
   MP:        It affects your magic capacity (-9).
Wands
 r - a wand of iceblast (5)
Scrolls
 h - a scroll of vulnerability
 C - a scroll of fog
 D - a scroll of fear {unknown}
 E - a scroll of magic mapping
 F - a scroll of summoning {unknown}
Potions
 j - a potion of resistance
 n - a potion of might
 x - a potion of attraction


   Skills:
 + Level 1.7 Fighting
 * Level 4.1 Crossbows
 + Level 3.0 Dodging
 + Level 0.7 Stealth
 + Level 0.6 Shields
 + Level 2.6 Spellcasting
 * Level 5.4 Hexes
 * Level 1.5 Fire Magic


You had 10 spell levels left.
You knew the following spells:

 Your Spells              Type           Power      Damage    Failure   Level
a - Slow                  Hex            60%        N/A       2%          1

Your spell library contained the following spells:

 Spells                   Type           Power      Damage    Failure   Level
 Confusing Touch          Hex            15%        N/A       8%          3
 Inner Flame              Hex/Fire       10%        N/A       17%         3
 Animate Skeleton         Necr           2%         N/A       24%         1
 Apportation              Tloc           2%         N/A       24%         1
 Summon Small Mammal      Summ           4%         N/A       24%         1
 Portal Projectile        Hex/Tloc       16%        N/A       24%         3
 Cause Fear               Hex            7%         N/A       26%         4
 Conjure Flame            Conj/Fire      3%         6-21      45%         3
 Ignite Poison            Fire/Tmut/Pois 3%         N/A       50%         3
 Gell's Gravitas          Tloc           1%         N/A       56%         3
 Lesser Beckoning         Tloc           1%         N/A       56%         3
 Teleport Other           Tloc           1%         N/A       56%         3
 Vampiric Draining        Necr           1%         2d6       56%         3
 Sticky Flame             Conj/Fire      3%         2d3       86%         4


Dungeon Overview and Level Annotations

Branches:
Dungeon (5/15)              Sewer (1/1)
 Temple: D:4-7

Altars:

Shops:
D:1 *:(

Annotations:
D:5 Grinder


Innate Abilities, Weirdness & Mutations

You cannot be hasted, slowed, berserked, paralysed or teleported.
You can dig through walls and to a lower floor.
You have a pair of large antennae on your head. (SInv)
Your four strong arms can wield two-handed weapons with a shield.
You do not regenerate when monsters are visible.
You passively dampen the noise of your surroundings.


Message History

The adder closely misses you.
Fire: 85 bolts
Press: ? - help, Q - select action, (/) - cycle Shift-Dir - straight line, f/p - adder
Aim: an adder (lightly wounded, slow, 46% to hit)
You shoot a bolt. The bolt hits the adder.
The adder is lightly wounded.
The adder barely misses you.
Fire: 84 bolts
Press: ? - help, Q - select action, (/) - cycle Shift-Dir - straight line, f/p - adder
Aim: an adder (lightly wounded, slow, 46% to hit)
You shoot a bolt. The bolt closely misses the adder.
The bolt barely misses the river rat.
The adder bites you.
It was a potion of mutation.
You feel extremely strange.
Your regeneration stops near monsters.
You feel your surroundings grow quieter.
You block the adder's attack.
Unknown command.
Okay, then.
Unknown command.
Aiming: Iceblast
Press: ? - help, Shift-Dir - straight line, f/p - adder
Aim: an adder (lightly wounded, slow) That beam is likely to hit you.
Continue anyway?
The mass of ice explodes!
The iceblast engulfs the adder!
You kill the adder!
The iceblast engulfs the river rat!
The river rat is almost dead.
The iceblast engulfs you. You partially resist.
Unknown command.
b - a +4 dagger (weapon)
The river rat bites you!
* * * LOW HITPOINT WARNING * * *
You retract your mandibles.
You hit the river rat but do no damage.
The river rat is almost dead.
The river rat misses you.
You closely miss the river rat.
The river rat is almost dead.
The river rat bites you!
You die...

#########(##########....#
###..≈≈≈≈≈≈(≈≈≈≈≈≈≈≈#.†...#
##...≈≈≈#≈≈≈≈≈≈≈≈≈≈≈≈††....#
#.....≈≈≈#≈≈≈≈≈≈≈≈≈≈≈†.....#
#....≈≈≈≈≈≈≈≈≈≈≈≈≈≈≈≈≈....##
##.....≈≈≈≈≈≈≈≈≈≈≈≈≈†≈....##
#......≈≈≈≈≈≈≈≈≈≈≈≈≈≈≈#.###
#....########r###########
##..†## #@# #...## ### #...#
#...## ##...##
#....######################
#.....#≈≈≈≈≈≈≈≈≈≈≈≈≈≈≈....##
##....≈≈≈≈≈≈†≈≈≈≈≈≈≈≈≈≈....#
#....≈≈≈≈≈≈≈#≈#≈≈≈≈≈≈..∩..#


You could see a river rat.

Vanquished Creatures
  A hound (D:4)
  A centaur skeleton (D:4)
  2 iguanas
  Jessica (D:3)
  Ijyb (D:3)
  3 gnolls (D:4)
  8 adders
  A river rat (Sewer)
  2 adder skeletons (D:4)
  4 worms
  2 dart slugs
  4 orcs
  7 bats
  12 endoplasms
  2 giant cockroaches (D:2)
  5 goblins
  7 hobgoblins
  10 jackals
  5 quokkas
  10 ball pythons
  5 frilled lizards
  11 kobolds
  22 rats
126 creatures vanquished.

Vanquished Creatures (others)
  A giant cockroach (D:4)
1 creature vanquished.

Grand Total: 127 creatures vanquished

Notes
Turn   | Place    | Note
-------+----------+-------------------------------------------
     0 | D:1      | bjtr the Formicid Arcane Marksman began the quest for the
                  | Orb.
     0 | D:1      | Reached XP level 1. HP: 15/15 MP: 2/2
   523 | D:1      | Reached XP level 2. HP: 21/21 MP: 3/3
   548 | D:1      | Found Raruogri's Antique Weapon Shop.
   563 | D:1      | Reached skill level 4 in Hexes
   839 | D:1      | Found Wayqum's Book Boutique.
   934 | D:1      | Found Kuol's General Store.
  1001 | D:1      | Reached XP level 3. HP: 14/26 MP: 1/4
  1556 | D:1      | Found a faded altar of an unknown god.
  2381 | D:2      | Reached XP level 4. HP: 21/32 MP: 4/6
  3101 | D:3      | Noticed Ijyb
  3127 | D:3      | Killed Ijyb
  3272 | D:3      | Reached XP level 5. HP: 36/37 MP: 5/7
  4035 | D:3      | Noticed Jessica
  4039 | D:3      | Killed Jessica
  4364 | D:3      | Identified 2 scrolls of acquirement
  4364 | D:3      | Acquired the ring of Bonoceug {rF++ rC+ MP-9 Slay+3}
  4366 | D:3      | Acquired the amulet "Fohuq" {Reflect *Corrode *Slow rF++
                  | rC+++ SH+5}
  4431 | D:1      | Bought a translucent mace for 152 gold pieces
  4431 | D:1      | Identified the +2 mace "Diallaob" {flame, *Noise Fragile
                  | Str+8 Dex+2} (You bought it in a shop on level 1 of the
                  | Dungeon)
  4730 | D:4      | Reached XP level 6. HP: 39/43 MP: 7/9
  4906 | D:4      | Reached skill level 5 in Hexes
  4932 | D:4      | Reached skill level 1 in Fire Magic
  5443 | D:5      | Entered Level 5 of the Dungeon
  5511 | D:5      | Noticed Grinder
  5819 | D:5      | Found a glowing drain.
  5823 | Sewer    | Entered a sewer
  6052 | Sewer    | Reached XP level 7. HP: 49/49 MP: 9/11
  6240 | Sewer    | Gained mutation: You do not regenerate when monsters are
                  | visible. [potion of mutation]
  6240 | Sewer    | Gained mutation: You passively dampen the noise of your
                  | surroundings. [potion of mutation]
  6244 | Sewer    | Slain by a river rat

Illustrated notes

Levels and vault maps discovered:
D:1:      dpeg_arrival_court, layout_basic,
          ebering_ecumenical_altar_sacrificial, serial_shops, shop_statue,
          nicolae_shop_stone, shop_coins
D:2:      layout_rooms
D:3:      layout_loops_ring, kennysheep_decorative_pillar, uniq_jessica,
          uniq_ijyb
D:4:      layout_cave_pools, minmay_vboxes
D:5:      cheibrodos_quashed, layout_basic, serial_curves, eino_curves_01,
          eino_curves_02, eino_curves_04, eino_curves_02, portal_sewer_entry_e,
          uniq_grinder
Sewer:    sewer_minmay_w

Skill      XL: |  1  2  3  4  5  6 |
---------------+-------------------+-----
Dodging        | 2 3 |  3.0
Hexes          | 4 5 |  5.4
Spellcasting   | 2 |  2.6
Crossbows      | 3 4 |  4.1
Fire Magic     | 1 |  1.5
Fighting       | |  1.7
Stealth        | |  0.7
Shields        | |  0.6

Action                   |  1- 3 |  4- 6 |  7- 9 || total
-------------------------+-------+-------+-------++-------
Melee: Short sword       |   120 |   135 |       ||   255
       Dagger            |       |   152 |    38 ||   190
 Fire: Hand crossbow     |    25 |    50 |    18 ||    93
Throw: Stone             |     1 |       |       ||     1
 Cast: Slow              |    46 |    70 |    11 ||   127
 Abil: Dig               |       |     9 |     3 ||    12
Evoke: Wand              |       |       |     1 ||     1
  Use: Scroll            |       |    13 |       ||    13
       Potion            |       |       |     1 ||     1
 Stab: Sleeping          |       |     1 |       ||     1
Armor: Robe              |    25 |    70 |     9 ||   104
Dodge: Dodged            |    86 |   172 |    35 ||   293
Block: Other             |       |    32 |    15 ||    47
       Reflection        |       |     4 |       ||     4

Table legend: (Time is in decaauts)
 A = Elapsed time spent in this place.
 B = Non-inter-level travel time spent in this place.
 C = Inter-level travel time spent in this place.
 D = Time resting spent in this place.
 E = Time spent auto-exploring this place.
 F = Levels seen in this place.
 G = Mean time per level.
                   A        B        C        D        E       F      G
               +--------+--------+--------+--------+--------+-----+--------+
         Total |   6297 |   6084 |    213 |   1454 |   2851 |   6 | 1049.5 |
       Dungeon |   5872 |   5659 |    213 |   1354 |   2751 |   5 | 1174.4 |
         Sewer |    425 |    425 |      0 |    100 |    100 |   1 |  425.0 |
               +--------+--------+--------+--------+--------+-----+--------+

Top non-repeatable levels by time:
     D:1: 2121 daAuts
     D:3: 1496 daAuts
     D:4: 945 daAuts
     D:2: 919 daAuts
   Sewer: 425 daAuts
     D:5: 389 daAuts
